 Dungeon Crawl Stone Soup version 0.29.0-4-gdea44cf6ec (webtiles) character file.

Game seed: 9193398970739259467

3200 ImASeal the Thaumaturge (level 10, -4/62 HPs)
             Began as a Djinni Fire Elementalist on Aug 27, 2022.
             Was an Initiate of Yredelemnul.
             Slain by Orread's ghost (27 damage)
             ... on level 7 of the Dungeon.
             The game lasted 01:08:20 (10484 turns).

ImASeal the Thaumaturge (Djinni Fire Elementalist) Turns: 10484, Time: 01:08:21

Health: -4/62      AC:  6    Str: 13    XL:     10   Next: 17%
Gold:   624        EV: 12    Int: 22    God:    Yredelemnul [......] SH:  0 Dex: 13

rFire   + + .      SeeInvis .   e - +2 spear (vamp)
rCold   x . .      Faith    .   (no shield)
rNeg    . . .      Spirit   .   q - +1 leather armour {Will+}
rPois   ∞          Reflect  .   k - +0 helmet
rElec   .          Harm     .   g - +0 cloak
rCorr   .          Rampage  .   (no gloves)
Will    ++...                   (boots unavailable)
Stlth   ++........              (no amulet)
HPRegen 0.20/turn               A - +6 ring of strength
MPRegen 0.00/turn               (no ring)

@: flying
A: sickness immunity, fire resistance 2, cold vulnerability 1, float, innate
caster, HP casting, extra vitality 1
a: Renounce Religion, Recall Undead Harvest


You were on level 7 of the Dungeon.
You worshipped Yredelemnul.
Yredelemnul was noncommittal.
You visited 1 branch of the dungeon, and saw 7 of its levels.
You also visited: Sewer and Ossuary.

You collected 648 gold pieces.
You spent 24 gold pieces at shops.

Inventory:

Hand Weapons
 e - a +2 vampiric spear (weapon)
 C - a +2 quarterstaff of chaos
Missiles
 u - 4 throwing nets
Armour
 a - a +0 robe
 g - a +0 cloak (worn)
 k - a +0 helmet (worn)
 q - a +1 leather armour of willpower (worn)
 t - a +3 scale mail of poison resistance
 w - a +1 hat
 D - a +0 cloak
Magical Staves
 B - a staff of earth
Jewellery
 i - a ring of flight
 A - a +6 ring of strength (left hand)
Wands
 E - a wand of flame (29)
 H - a wand of paralysis (10)
Scrolls
 b - a scroll of vulnerability {unknown}
 c - 2 scrolls of fog {unknown}
 d - 4 scrolls of teleportation {unknown}
 h - 3 scrolls of enchant armour {unknown}
 l - 3 scrolls of fear {unknown}
 n - 4 scrolls of identify
 v - a scroll of brand weapon {unknown}
 y - 4 scrolls of immolation {unknown}
 G - a scroll of noise {unknown}
 J - a scroll of blinking {unknown}
Potions
 f - 2 potions of flight
 j - 2 potions of cancellation
 m - 3 potions of lignification
 o - a potion of invisibility
 p - 5 potions of haste
 r - 4 potions of brilliance
 s - 2 potions of mutation
 x - 3 potions of curing
 z - a potion of might
 F - a potion of heal wounds {unknown}
 I - a potion of berserk rage


   Skills:
 + Level 1.0 Fighting
 + Level 0.8 Polearms
 + Level 3.5 Armour
 + Level 3.2 Dodging
 + Level 3.7 Stealth
 + Level 9.7 Spellcasting


You had 7 spell levels left.
You knew the following spells:

 Your Spells              Type           Power      Damage    Failure   Level
a - Foxfire               Conj/Fire      100%       2x1d9     1%          1
b - Scorch                Fire           100%       2d10      1%          2
c - Conjure Flame         Conj/Fire      52%        6-21      1%          3
d - Inner Flame           Hex/Fire       52%        N/A       1%          3
e - Flame Wave            Conj/Fire      52%        2d13      1%          4
f - Sandblast             Erth           100%       2d20      1%          1
g - Poisonous Vapours     Pois/Air       100%       N/A       1%          2
h - Call Imp              Summ           52%        N/A       1%          2
i - Spider Form           Tmut/Pois      52%        N/A       1%          3
Your spell library was empty.

Dungeon Overview and Level Annotations

Branches:
Dungeon (7/15)             Temple (0/1) D:7           Sewer (visited)
Ossuary (visited)

Altars:
Cheibriados
Dithmenos
Makhleb
Xom
Yredelemnul
The Shining One

Shops:
D:4 *   D:7 *

Annotations:
D:7 1 transporter, Orread's ghost, novice HOFi


Innate Abilities, Weirdness & Mutations

You are immune to sickness and miasma.
You are immune to poison.
Your flesh is very heat resistant. (rF++)
You are vulnerable to cold. (rC-)
You float through the air rather than walking.
You learn spells naturally, not from books.
Your magical power is your life essence.
You have superior vitality. (+4 MHP)


Message History

Flames lash the ogre.
You kill the ogre!
Orread's ghost hits your hornet zombie!!
Orread's ghost burns your hornet zombie!
Your hornet zombie is destroyed!
The ogre hits your steam dragon zombie with a +0 giant club!!
Your steam dragon zombie is destroyed!
You can no longer trade souls for undead servants.
Casting: Scorch (safe; 1% risk of failure)
Confirm with . or Enter, or press ? or * to list all spells.
Flames lash the two-headed ogre.
The two-headed ogre is lightly wounded.
The two-headed ogre's fire resistance burns away.
The two-headed ogre hits your kobold brigand zombie with the +2 giant club of Amorality {holy, rN++}!!
Your kobold brigand zombie convulses!
The two-headed ogre barely misses your kobold brigand zombie.
Casting: Scorch (safe; 1% risk of failure)
Confirm with . or Enter, or press ? or * to list all spells.
You conjure some foxfire!
Your kobold brigand zombie closely misses Orread's ghost.
The foxfire hits Orread's ghost but does no damage.
Casting: Foxfire (safe; 1% risk of failure)
Confirm with . or Enter, or press ? or * to list all spells.
Flames lash the two-headed ogre.
The two-headed ogre is burned terribly!
The two-headed ogre is heavily wounded.
The foxfire hits Orread's ghost.
Orread's ghost is lightly damaged.
The two-headed ogre hits your kobold brigand zombie with the +2 giant club of Amorality {holy, rN++}!!
Your kobold brigand zombie is destroyed!
Casting: Scorch (safe; 1% risk of failure)
Confirm with . or Enter, or press ? or * to list all spells.
Flames lash Orread's ghost but do no damage.
Orread's ghost hits you!! Orread's ghost burns you.
There is a transporter landing site here.
You can't go down here!
Casting: Scorch (safe; 1% risk of failure)
Confirm with . or Enter, or press ? or * to list all spells.
The fire begins to smoulder!
Orread's ghost hits you!!
You die...
Your body rises from the dead as a mindless zombie.

#.....#...##.......##.....#......
#.....#####################...Z..
#.....##..######## #......#......
#.....##..#.....©# #......#......
#.....##..#.#..#.# #......#......
#.........#..##..# ######'#......
#######...#..##..# #............
#..©#$#..#.# #......Z..###
#...#$)OOW@# #.....Z(..#w#
##.©#?#..#.# #....Z....###
#..#..##..# #..Z......._#
#..#..##..# #..Z......###
#..#.#..#.# #.Z.......#w#
########..#......####.........###
#........Z########........#+#....
#..............ZZZZ.......#......
#.........................#<.....


You could see a two-headed ogre (combustible), an ogre and Orread's ghost.

Vanquished Creatures
  A hornet (D:7)
  Grinder (D:6)
  2 steam dragons
  A sky beast (D:6)
  A black bear (D:4)
  The ghost of Vuriand the Trooper, an amateur MiFi (D:4)
  2 ogres (D:7)
  A centaur (D:7)
  2 kobold brigands
  4 bullfrogs
  2 scorpions
  A necrophage (D:4)
  2 howler monkeys (D:4)
  5 hounds
  5 orc priests
  Crazy Yiuf (D:5)
  2 jellies
  2 iguanas
  An orc wizard (D:6)
  2 mummies (Ossuary)
  18 gnolls
  13 adders
  2 white imps (D:7)
  An ufetubus (D:5)
  5 worms
  3 adder zombies (Sewer)
  2 dart slugs
  31 orcs
  5 ball pythons
  9 endoplasms
  13 giant cockroaches
  5 goblins
  6 hobgoblins
  17 jackals
  16 quokkas
  A ball python zombie (D:3)
  3 bats
  An endoplasm zombie (Sewer)
  9 frilled lizards
  A frilled lizard zombie (Sewer)
  2 giant cockroach zombies (Sewer)
  4 gnoll zombies (Ossuary)
  2 goblin zombies (Ossuary)
  5 hobgoblin zombies (Ossuary)
  2 jackal zombies (D:4)
  6 kobolds
  3 orc zombies (Ossuary)
  A quokka zombie (Sewer)
  2 rats (D:3)
227 creatures vanquished.

Vanquished Creatures (collateral kills)
  A black bear (D:6)
  An orc priest (D:6)
  2 gnoll boudas
  3 iron imps (D:3)
  An orc wizard (D:3)
  5 gnolls
  A dart slug (D:4)
  2 orcs
  2 endoplasms (Sewer)
  A hobgoblin (D:3)
  2 jackals
  A ball python (D:3)
  6 foxfires
28 creatures vanquished.

Vanquished Creatures (others)
  A hornet zombie (D:7)
  A spectral shadow imp (D:6)
  A bullfrog zombie (D:7)
  An ogre zombie (D:7)
  A hound zombie (D:4)
  A howler monkey zombie (D:4)
  An adder (D:4)
  A steam dragon zombie (D:7)
  2 adder zombies
  A jelly zombie (D:7)
  2 spectral white imps (D:7)
  A bat zombie (D:3)
  7 gnoll zombies
  3 ball python zombies
  A dart slug zombie (D:4)
  3 endoplasm zombies
  A giant cockroach zombie (D:3)
  A goblin zombie (D:2)
  A hobgoblin zombie (D:3)
  7 jackal zombies
  3 kobold zombies
  15 orc zombies
  A quokka zombie (D:3)
  2 rat zombies (D:3)
  404 foxfires
  A fungus (D:5)
  2 plants (D:4)
466 creatures vanquished.

Grand Total: 721 creatures vanquished

Notes
Turn   | Place    | Note
-------+----------+-------------------------------------------
     0 | D:1      | ImASeal the Djinni Fire Elementalist began the quest for
                  | the Orb.
     0 | D:1      | ImASeal set off with the following spells memorised:
                  | Foxfire, Scorch, Conjure Flame, Inner Flame, Flame Wave.
     0 | D:1      | Reached XP level 1. HP: 15/15 MP: 0/0
   295 | D:1      | Found a faded altar of an unknown god.
   391 | D:1      | Prayed at the altar of an unknown god.
   391 | D:1      | Became a worshipper of Yredelemnul the Dark
   391 | D:1      | Reached * piety under Yredelemnul
   546 | D:1      | Reached XP level 2. HP: 21/21 MP: 0/0
  1658 | D:2      | Reached skill level 3 in Spellcasting
  1719 | D:2      | Reached XP level 3. HP: 16/25 MP: 0/0
  1719 | D:2      | Learned a level 1 spell: Sandblast
  2620 | D:3      | Reached XP level 4. HP: 26/31 MP: 0/0
  2802 | D:3      | Reached ** piety under Yredelemnul
  3081 | D:3      | Reached XP level 5. HP: 15/35 MP: 0/0
  3081 | D:3      | Learned a level 2 spell: Poisonous Vapours
  3086 | D:3      | Reached *** piety under Yredelemnul
  3089 | D:3      | Reached skill level 4 in Spellcasting
  3489 | D:3      | Found a shimmering altar of Xom.
  3561 | D:3      | Found a burning altar of Makhleb.
  3630 | D:3      | Reached XP level 6. HP: 5/40 MP: 0/0
  4118 | D:4      | Noticed a black bear
  4131 | D:4      | Killed a black bear
  4132 | D:4      | Reached skill level 5 in Spellcasting
  4132 | D:4      | Reached XP level 7. HP: 26/45 MP: 0/0
  4132 | D:4      | Learned a level 2 spell: Call Imp
  4371 | D:4      | Found a glowing drain.
  4390 | Sewer    | Entered a sewer
  5061 | D:4      | Reached skill level 6 in Spellcasting
  5122 | D:4      | Reached XP level 8. HP: 49/51 MP: 0/0
  5193 | D:4      | Found a runed translucent door.
  5254 | D:4      | Noticed Vuriand's ghost (amateur MiFi)
  5268 | D:4      | Found a glowing golden altar of the Shining One.
  6122 | D:4      | Found Adibb's Assorted Antiques.
  6221 | D:4      | Reached skill level 7 in Spellcasting
  6609 | D:4      | Killed Vuriand's ghost
  6694 | D:5      | Entered Level 5 of the Dungeon
  7028 | D:5      | Found a sand-covered staircase.
  7032 | Ossuary  | Entered an ossuary
  7111 | Ossuary  | Reached skill level 1 in Fighting
  7343 | D:5      | Reached skill level 1 in Armour
  7841 | D:5      | Found a runed translucent door.
  7842 | D:5      | Noticed Crazy Yiuf
  7847 | D:5      | Killed Crazy Yiuf
  7848 | D:5      | Reached XP level 9. HP: 52/57 MP: 0/0
  7848 | D:5      | Learned a level 3 spell: Spider Form
  8130 | D:6      | Noticed Grinder
  8142 | D:6      | Killed Grinder
  8143 | D:6      | Reached skill level 8 in Spellcasting
  8284 | D:6      | Found a shadowy altar of Dithmenos.
  8368 | D:6      | Your ally Grinder died
  9260 | D:6      | Reached **** piety under Yredelemnul
  9419 | D:7      | Found Myur Ufafeg's General Store.
  9430 | D:7      | Bought a scroll of identify for 24 gold pieces
  9535 | D:7      | Noticed a torpor snail
  9537 | D:7      | Found a snail-covered altar of Cheibriados.
  9537 | D:7      | Noticed a torpor snail
  9554 | D:7      | Reached skill level 9 in Spellcasting
  9554 | D:7      | Noticed a torpor snail
  9850 | D:7      | Noticed a hornet
  9856 | D:7      | Killed a hornet
  9857 | D:7      | Reached XP level 10. HP: 56/62 MP: 0/0
 10050 | D:7      | Found a staircase to the Ecumenical Temple.
 10226 | D:7      | Found a transporter.
 10227 | D:7      | Noticed Orread's ghost (novice HOFi)
 10229 | D:7      | Identified the +2 giant club of Amorality {holy, rN++}
 10229 | D:7      | Noticed a two-headed ogre
 10470 | D:7      | Found a transporter.
 10484 | D:7      | Slain by Orread's ghost

Illustrated notes

Levels and vault maps discovered:
D:1:      amcnicky_arrival_abandoned_market, layout_basic,
          hellmonk_ecumenical_altar_lost_god
D:2:      layout_basic
D:3:      layout_rooms, demons_altar, amcnicky_altar_gilded, minivault_4
D:4:      lemuel_castle_with_subvaults [lemuel_castle_interior_carwin_2],
          layout_basic, tso_altar, cheibrodos_sewer_entry_bend, serial_shops,
          nicolae_shop_overgrown_old_shop, gammafunk_ghost_grave,
          minmay_misc_feat_four_crosses, grunt_ministairs_6, lemuel_old_faithful
D:5:      layout_loops_corners, enter_ossuary_5, uniq_crazy_yiuf_cottage
D:6:      layout_basic, nicolae_dithmenos_shadow_blocks, uniq_grinder
D:7:      layout_gridville, cheibriados_altar_2, minmay_temple_entry_fiery,
          gammafunk_ghost_smash, serial_shops, shop, kennysheep_generic_room_13

Skill      XL: |  1  2  3  4  5  6  7  8  9 |
---------------+----------------------------+-----
Spellcasting   | 3 4 5 6 7 9 |  9.7
Stealth        | 2 3 |  3.7
Dodging        | 3 |  3.2
Fighting       | 1 |  1.0
Armour         | 1 3 |  3.5
Polearms       | |  0.8

Action                   |  1- 3 |  4- 6 |  7- 9 | 10-12 || total
-------------------------+-------+-------+-------+-------++-------
Melee: Spear             |     2 |     4 |    14 |       ||    20
 Cast: Foxfire           |    23 |     6 |   231 |    12 ||   272
       Scorch            |    25 |    41 |    78 |    10 ||   154
       Sandblast         |       |     3 |       |       ||     3
       Call Imp          |       |       |     1 |       ||     1
       Conjure Flame     |       |       |       |     1 ||     1
Invok: Recall Undead Har |       |       |       |     1 ||     1
  Use: Potion            |       |     4 |       |       ||     4
       Scroll            |       |       |     6 |       ||     6
Armor: Robe              |     5 |     1 |     1 |       ||     7
       Leather armour    |       |       |    10 |       ||    10
Dodge: Dodged            |     8 |    10 |    32 |     2 ||    52
